 Dungeon Crawl Stone Soup version 0.27-a0-323-gbd089401bb (webtiles) character file.

Game seed: 4899599903419501369

133 tabyourdongers the Sneak (level 4, 0/44 HPs)
             Began as a Troll Delver on Feb 10, 2021.
             Slain by a hornet (9 damage)
             ... while paralysed by a hornet
             ... on level 9 of the Dungeon.
             The game lasted 00:00:53 (237 turns).

tabyourdongers the Sneak (Troll Delver)              Turns: 237, Time: 00:00:53

Health: 0/44       AC:  6    Str: 21    XL:     4   Next: 94%
Magic:  3/3        EV:  1    Int:  6    God:
Gold:   26         SH:  0    Dex: 11    Spells: 3/3 levels left

rFire    . . .     SeeInvis .     - Unarmed
rCold    . . .     Faith    .   (no shield)
rNeg     . . .     Spirit   .   a - +0 robe
rPois    .         Reflect  .   (helmet restricted)
rElec    .         Harm     .   (no cloak)
rCorr    .         Rampage  .   (gloves unavailable)
Will     .....                  (boots unavailable)
Stlth    ++........             (no amulet)
HPRegen  0.54/turn              (no ring)
MPRegen  0.08/turn              (no ring)

@: paralysed, lethally poisoned (0 -> -3), slowed
A: large, unfitting armour, claws 3, regeneration 1, shaggy fur 1, tough skin 3
a: no special abilities


You were on level 9 of the Dungeon.
You visited 1 branch of the dungeon, and saw 5 of its levels.

You collected 26 gold pieces.

Inventory:

Armour
 a - a +0 robe (worn)
Jewellery
 g - an amulet of faith {unknown}
Wands
 f - a wand of digging (3)
Scrolls
 b - a scroll of fog
 d - a scroll of fear
 h - a scroll of identify {unknown}
Potions
 e - a potion of haste


   Skills:
 + Level 2.8 Fighting
 + Level 1.9 Dodging
 + Level 3.6 Stealth
 + Level 2.7 Unarmed Combat


You had 3 spell levels left.
You didn't know any spells.
Your spell library was empty.

Dungeon Overview and Level Annotations

Branches:
Dungeon (9/15)               Lair (0/6) D:8
 Temple: D:4-7          Orc: D:9-12

Altars:
Cheibriados


Innate Abilities, Weirdness & Mutations

You are too large for most types of armour.
You have claws for hands.
Your natural rate of healing is unusually fast.
You are covered in fur. (AC +1)
You have extremely tough skin. (AC +3)


Message History

A quokka skeleton is nearby!
You scratch the quokka skeleton.
The quokka skeleton is moderately damaged.
The quokka skeleton bites you but does no damage.
You claw the quokka skeleton!
You destroy the quokka skeleton!
No target in view!
No target in view!
No target in view!
No target in view!
No target in view!
No target in view!
No target in view!
No target in view!
No target in view!
No target in view!
No target in view!
A hornet comes into view.
The hornet buzzes angrily.
You barely miss the hornet. The hornet closely misses you.
The hornet stings you!
You are poisoned.
You feel yourself slow down.
You completely miss the hornet.
You feel sick. The hornet barely misses you.
The hornet stings you but does no damage.
You claw the hornet!
The hornet is moderately wounded.
You feel yourself speed up. The hornet stings you!
You feel yourself slow down. The hornet completely misses you.
You closely miss the hornet.
The hornet is moderately wounded.
You feel sick. The hornet misses you. The hornet stings you.
You are more poisoned.
You feel as though you will be slow longer.
The hornet stings you!
* * * LOW HITPOINT WARNING * * *
You suddenly lose the ability to move!
You feel sick. The hornet stings you!
You die...

#..# #..# ### #).##
#.. ...) #.# #..# #
#.# #..#
#..#########.###..###
#...y@..............##
##.###.###.#####.....#
#.# #.# #...... ...
... #.#...# ##.###.#.
#....<. #.. #.#.#
####.## ### #.# # #.#
#.# #.# ..#


You could see a hornet.

Vanquished Creatures
  A sky beast (D:9)
  A worker ant (D:6)
  A gnoll (D:7)
  An adder skeleton (D:7)
  An adder zombie (D:8)
  A jackal (D:7)
  A quokka skeleton (D:9)
  A quokka zombie (D:7)
8 creatures vanquished.

Notes
Turn   | Place    | Note
-------+----------+-------------------------------------------
     0 | D:5      | tabyourdongers the Troll Delver began the quest for the
                  | Orb.
     0 | D:5      | Reached XP level 1. HP: 22/22 MP: 0/0
    14 | D:6      | Noticed a yak
    15 | D:6      | Noticed a hound
    17 | D:6      | Found a snail-covered altar of Cheibriados.
    17 | D:6      | Noticed an ice beast
    18 | D:6      | Noticed a wyvern
    31 | D:6      | Noticed a worker ant
    39 | D:6      | Killed a worker ant
    40 | D:6      | Reached skill level 3 in Stealth
    40 | D:6      | Reached XP level 2. HP: 24/29 MP: 1/1
   101 | D:7      | Reached XP level 3. HP: 24/36 MP: 2/2
   191 | D:9      | Noticed a sky beast
   196 | D:9      | Killed a sky beast
   197 | D:9      | Reached XP level 4. HP: 34/44 MP: 3/3
   231 | D:9      | Noticed a hornet
   236 | D:9      | Paralysed by a hornet for 2 turns
   237 | D:9      | Slain by a hornet

Illustrated notes

Levels and vault maps discovered:
D:5:      layout_cave_pools, serial_column_ruins, column_ruins_square_large,
          column_ruins_open_tiny, column_ruins_grid_1, column_ruins_open_small,
          column_ruins_open_tiny_water, column_ruins_columns_corner,
          minmay_increasing_density
D:6:      layout_loops_ring, gammafunk_temple_overflow_arena
D:7:      layout_basic, minmay_temple_entry_junction_2, enter_bailey_5,
          gup_ossuary_entry_pyramid, chequers_serial_rivers_micro_e,
          serial_park_tiny_1, minmay_fractal_squares_5
D:8:      layout_basic, lair_entry_dummy, basic_altar
D:9:      minmay_spotlight, layout_loops_ring, basic_altar,
          kennysheep_generic_room_12

Skill      XL: |  1 |
---------------+----+-----
Stealth        | 3 |  3.6
Fighting       | |  2.8
Dodging        | |  1.9
Unarmed Combat | |  2.7

Action                   |  1- 3 |  4- 6 || total
-------------------------+-------+-------++-------
Melee: Unarmed           |    35 |     6 ||    41
  Use: Scroll            |     1 |       ||     1
Armor: Robe              |    16 |     2 ||    18
Dodge: Dodged            |    19 |     4 ||    23

Table legend: (Time is in decaauts)
 A = Elapsed time spent in this place.
 B = Non-inter-level travel time spent in this place.
 C = Inter-level travel time spent in this place.
 D = Time resting spent in this place.
 E = Time spent auto-exploring this place.
 F = Levels seen in this place.
 G = Mean time per level.
                   A        B        C        D        E       F      G
               +--------+--------+--------+--------+--------+-----+--------+
         Total |    236 |    236 |      0 |     13 |    130 |   5 |   47.2 |
       Dungeon |    236 |    236 |      0 |     13 |    130 |   5 |   47.2 |
               +--------+--------+--------+--------+--------+-----+--------+

Top non-repeatable levels by time:
     D:7: 109 daAuts
     D:6: 57 daAuts
     D:9: 47 daAuts
     D:8: 21 daAuts
     D:5: 1 daAuts
